 Dungeon Crawl Stone Soup version 0.27.1-3-gb3d3a73c9e (webtiles) character file.

Game seed: 6699612004802689984

3762 ABBCCCDDDD the Skirmisher (level 10, -1/71 HPs)
             Began as an Octopode Enchanter on Oct 8, 2021.
             Was an Initiate of Gozag.
             Succumbed to a hornet's poison
             ... while paralysed by a hornet
             ... on level 9 of the Dungeon.
             The game lasted 00:31:35 (15492 turns).

ABBCCCDDDD the Skirmisher (Octopode Enchanter)     Turns: 15492, Time: 00:31:35

Health: -1/71      AC:  1    Str:  7    XL:     10   Next: 15%
Magic:  10/17      EV:  2    Int: 22    God:    Gozag
Gold:   228        SH:  0    Dex: 18    Spells: 6/19 levels left

rFire    . . .     SeeInvis .   t - +5 dagger
rCold    . . .     Faith    .   (no shield)
rNeg     . . .     Spirit   .   (helmet restricted)
rPois    .         Reflect  .   (no amulet)
rElec    .         Harm     .   q - ring of willpower
rCorr    .         Rampage  .   A - +6 ring of dexterity
Will     +....                  (no ring)
Stlth    ++++......             (no ring)
HPRegen  0.21/turn              (no ring)
MPRegen  0.15/turn              (no ring)
                                (no ring)
                                (no ring)

@: paralysed, lethally poisoned (-1 -> -7), slowed
A: almost no armour, amphibious, 8 rings, camouflage 1, gelatinous body 1,
(nimble swimmer 1), tentacles
a: Renounce Religion, Potion Petition, Call Merchant, Bribe Branch


You were on level 9 of the Dungeon.
You worshipped Gozag.
Gozag was aware of your devotion.
You visited 2 branches of the dungeon, and saw 11 of its levels.

You collected 562 gold pieces.
You spent 102 gold pieces at shops.
You paid 232 gold pieces to Gozag.

Inventory:

Hand Weapons
 g - a +2 flail of protection
 i - a +0 hunting sling
 m - a +0 morningstar
 t - a +5 dagger (weapon)
Missiles
 f - 25 poisoned darts (quivered)
 j - 111 stones
Magical Staves
 y - a staff of cold
Jewellery
 q - a ring of willpower (left tentacle)
 A - a +6 ring of dexterity (right tentacle)
Scrolls
 a - a scroll of immolation {unknown}
 b - a scroll of teleportation
 c - 2 scrolls of vulnerability
 d - 2 scrolls of enchant weapon
 e - 4 scrolls of torment
 k - 2 scrolls of enchant armour
 l - 4 scrolls of holy word
 o - 2 scrolls of magic mapping {unknown}
 r - a scroll of brand weapon {unknown}
 v - a scroll of blinking
 z - a scroll of fear {unknown}
Potions
 h - 2 potions of brilliance
 p - 2 potions of heal wounds {unknown}
 s - a potion of degeneration {unknown}
 u - a potion of magic {unknown}
 w - a potion of ambrosia {unknown}
 x - a potion of mutation {unknown}


   Skills:
 + Level 7.2 Fighting
 - Level 1.0 Short Blades
 + Level 5.2 Maces & Flails
 - Level 2.0 Dodging
 - Level 5.0 Stealth
 - Level 5.0 Spellcasting
 - Level 5.2 Hexes
 + Level 5.6 Necromancy
 - Level 2.0 Ice Magic
 + Level 5.6 Earth Magic


You had 6 spell levels left.
You knew the following spells:

 Your Spells              Type           Power      Damage    Failure   Level
a - Corona                Hex            31%        N/A       1%          1
b - Ensorcelled Hibernat  Hex/Ice        42%        N/A       3%          2
c - Tukima's Dance        Hex            28%        N/A       3%          3
d - Borgnjor's Vile Clut  Necr/Erth      15%        N/A       28%         5
e - Slow                  Hex            28%        N/A       1%          2

Your spell library contained the following spells:

 Spells                   Type           Power      Damage    Failure   Level
 Animate Skeleton         Necr           60%        N/A       1%          1
 Confusing Touch          Hex            28%        N/A       3%          3
 Vampiric Draining        Necr           15%        2d8       3%          3
 Apportation              Tloc           10%        N/A       10%         1
 Magic Dart               Conj           20%        1d4       10%         1
 Summon Small Mammal      Summ           20%        N/A       10%         1
 Animate Dead             Necr           15%        N/A       10%         4
 Dazzling Flash           Conj/Hex       34%        N/A       11%         3
 Portal Projectile        Hex/Tloc       34%        N/A       11%         3
 Searing Ray              Conj           10%        3d3       16%         2
 Excruciating Wounds      Necr           15%        N/A       28%         5
 Fulminant Prism          Conj/Hex       8%         3d7       34%         4
 Death Channel            Necr           15%        N/A       83%         6
 Blade Hands              Tmut           2%         N/A       95%         5


Dungeon Overview and Level Annotations

Branches:
Dungeon (10/15)            Temple (1/1) D:6
   Lair: D:8-11         Orc: D:9-12

Altars:
Ashenzari
Cheibriados
Dithmenos
Elyvilon
Fedhas
Gozag
Hepliaklqana
Kikubaaqudgha
Makhleb
Nemelex Xobeh
Okawaru
Qazlal
Ru
Sif Muna
Trog
Uskayaw
Vehumet
Wu Jian
Xom
Yredelemnul
Zin
The Shining One

Shops:
D:3 **[

Annotations:
D:4 1 runed translucent door, exclusion: ogre, Crazy Yiuf
D:5 Blork the orc; Ijyb
D:6 2 runed translucent doors, PanSaczeczos's ghost, novice TeCj
D:7 2 transporters, exclusions: downstairs, 2 hornets, water moccasin and wyvern
D:9 exclusions: acid dragon, wyvern and 1 more exclusion


Innate Abilities, Weirdness & Mutations

You cannot wear most types of armour.
You are amphibious.
You can wear up to eight rings at the same time.
Your skin changes colour to match your surroundings (Stealth+).
Your rubbery body absorbs attacks. (AC +1, EV +1)
((You are camouflaged near water. (Stealth+)))
You have tentacles for arms and can constrict up to eight enemies at once.


Message History

The hornet resists with some effort.
The hornet stings you.
You suddenly lose the ability to move!
The hornet stings you!
You feel as though you will be slow longer.
The hornet stings you.
You feel as though you will be slow longer.
You can move again.
Casting: Ensorcelled Hibernation (safe; 3% risk of failure)
Confirm with . or Enter, or press ? or * to list all spells.
Aiming: Ensorcelled Hibernation (safe; 3% risk of failure)
Press: ? - help, Shift-Dir - straight line, f/p - hornet
Aim: a hornet (chance to affect: 42%)
The hornet looks drowsy...
Your +2 flail of protection goes still.
t - a +5 dagger (weapon)
The helpless hornet fails to defend itself.
You impale the hornet!! Your grab misses the hornet.
The hornet is heavily wounded.
The hornet stings you!
You are poisoned.
You feel as though you will be slow longer.
Your magical contamination has completely faded away.
As you read the scroll of teleportation, it crumbles to dust.
You feel strangely unstable.
You feel very sick. The hornet stings you.
You feel as though you will be slow longer.
The hornet stings you.
* * * LOW HITPOINT WARNING * * *
You feel as though you will be slow longer.
The hornet stings you.
* * * LOW HITPOINT WARNING * * *
You suddenly lose the ability to move!
You feel sick. The hornet stings you!
* * * LOW HITPOINT WARNING * * *
You feel as though you will be slow longer.
Your surroundings suddenly seem different.
A wyvern comes into view.
Found a fuming blue potion.
You die...
Your body crumbles into a pile of gold.

##### #...#
#.l.# #...#
#...#
#####...#
......!@# $
#####...#♣l
###.#. #
##.. #.#
###.l#
..###....#
.# ...(...#
###.##
#.....#
.....#
#..(..#


You could see 2 wyverns.

Levels and vault maps discovered:
D:1:      shiori_arrival_oz, layout_rooms
D:2:      layout_basic, minmay_quantized
D:3:      layout_basic, serial_shops, nicolae_shop_crystal, shop_statue,
          nicolae_diamond_shop
D:4:      layout_rooms, trog_three_pillars_becter, portal_sewer_entry_f,
          uniq_grinder, uniq_robin, uniq_crazy_yiuf_cottage
D:5:      layout_basic, minivault_19, minmay_diced_spiral, uniq_ijyb,
          uniq_eustachio, uniq_blork_the_orc, uniq_menkaure
D:6:      layout_loops_ring, nicolae_tso_besieged_by_evil,
          general_overflow_altar, minmay_temple_entry_grid,
          ebering_ghost_sewer_f, kennysheep_path_1, nrook_loot_triangle
D:7:      gammafunk_wand_slinger, layout_loops_ring, zin_angel,
          nicolae_wu_jian_wuxing_cycle, uniq_duvessa
D:8:      layout_rooms, demons_altar
D:9:      nzn_winding_woodlands_cross
          [nzn_winding_woodlands_5x15_river_crossing,
          nzn_winding_woodlands_5x15_pool, nzn_winding_woodlands_5x15_eye,
          nzn_winding_woodlands_5x15_crooked,
          nzn_winding_woodlands_15x15_killbox], layout_rooms,
          minmay_quadrilaterals
D:10:     layout_cave_pools, erik_lair_island
Temple:   nicolae_temple_elliptical

Notes
Turn   | Place    | Note
-------+----------+-------------------------------------------
     0 | D:1      | ABBCCCDDDD the Octopode Enchanter began the quest for the
                  | Orb.
     0 | D:1      | Reached XP level 1. HP: 11/11 MP: 3/3
   120 | D:1      | Reached XP level 2. HP: 14/18 MP: 5/5
   338 | D:1      | Reached skill level 1 in Fighting
   624 | D:1      | Reached XP level 3. HP: 23/23 MP: 6/6
  1822 | D:3      | Found Axifuf Qofuu's Assorted Antiques.
  2389 | D:3      | Learned a level 2 spell: Ensorcelled Hibernation
  2445 | D:3      | Found Pempok's Antique Armour Boutique.
  2649 | D:2      | Reached skill level 5 in Stealth
  2855 | D:3      | Reached XP level 4. HP: 29/29 MP: 4/7
  2945 | D:3      | Reached skill level 2 in Fighting
  3250 | D:3      | Found Qawkysai's Assorted Antiques.
  3539 | D:4      | Noticed Grinder
  3589 | D:3      | You fall into a shaft and drop 3 floors!
  3589 | D:6      | Noticed a scorpion
  3591 | D:6      | Found a staircase to the Ecumenical Temple.
  3599 | Temple   | Entered the Ecumenical Temple
  3854 | D:6      | Noticed a necrophage
  3873 | D:6      | Noticed a sky beast
  3930 | D:6      | Found a glowing golden altar of the Shining One.
  4223 | D:6      | Noticed an ice beast
  4274 | D:6      | Found a runed translucent door.
  4274 | D:6      | Noticed a bullfrog
  4274 | D:6      | Noticed PanSaczeczos's ghost (novice TeCj)
  4274 | D:6      | Noticed a bullfrog
  4362 | D:6      | Noticed an ogre
  4384 | D:6      | Found an opulent altar of Gozag.
  4399 | D:6      | Found a runed translucent door.
  4570 | D:5      | Entered Level 5 of the Dungeon
  4611 | D:5      | Noticed a phantom
  4623 | D:5      | Noticed a scorpion
  4636 | D:5      | Reached XP level 5. HP: 21/35 MP: 8/8
  4637 | D:5      | Noticed Menkaure
  4728 | D:4      | Reached skill level 3 in Fighting
  4766 | D:4      | Noticed an ice beast
  4769 | D:4      | Found a bloodstained altar of Trog.
  5335 | D:4      | Noticed Robin
  5447 | D:4      | Killed Robin
  5448 | D:4      | Reached XP level 6. HP: 35/42 MP: 5/9
  5641 | D:5      | Noticed an ice beast
  5701 | D:4      | Reached skill level 1 in Ice Magic
  5877 | D:5      | Reached skill level 5 in Hexes
  6053 | D:5      | Killed Menkaure
  6054 | D:5      | Reached skill level 4 in Fighting
  6054 | D:5      | Reached XP level 7. HP: 42/48 MP: 11/11
  6090 | D:5      | Learned a level 3 spell: Tukima's Dance
  6096 | D:5      | Learned a level 5 spell: Borgnjor's Vile Clutch
  6107 | D:5      | Noticed Ijyb
  6523 | D:4      | Killed Grinder
  6524 | D:4      | Reached skill level 1 in Necromancy
  6524 | D:4      | Reached skill level 1 in Earth Magic
  6892 | D:3      | Reached XP level 8. HP: 36/54 MP: 13/13
  7324 | D:3      | Bought a scroll labelled ADIZOH XUCE for 22 gold pieces
  7324 | D:3      | Bought a green potion for 19 gold pieces
  7324 | D:3      | Bought a fizzy golden potion for 19 gold pieces
  7538 | D:4      | Found a runed translucent door.
  7539 | D:4      | Noticed Crazy Yiuf
  7922 | D:5      | Reached skill level 1 in Maces & Flails
  7947 | D:4      | Reached skill level 5 in Fighting
  8717 | D:5      | Learned a level 2 spell: Slow
  8777 | D:5      | Noticed Blork the orc
  9439 | D:7      | Noticed a wyvern
 10018 | D:6      | Reached XP level 9. HP: 48/62 MP: 13/15
 10735 | D:7      | Noticed a kobold demonologist
 10736 | D:7      | Found a transporter.
 10739 | D:7      | Found a transporter.
 10843 | D:7      | Found an ornate altar of the Wu Jian Council.
 10848 | D:7      | Reached skill level 6 in Fighting
 10921 | D:7      | Noticed a hornet
 10964 | D:7      | Noticed Duvessa
 11212 | D:7      | Reached skill level 5 in Spellcasting
 11304 | D:7      | Noticed Dowan
 11311 | D:7      | Killed Duvessa
 11316 | D:7      | Killed Dowan
 11501 | D:7      | Noticed a kobold demonologist
 12172 | D:7      | Noticed a hornet
 12198 | D:7      | Found a glowing silver altar of Zin.
 12198 | D:7      | Noticed an angel
 13514 | D:8      | Reached skill level 5 in Necromancy
 13559 | D:8      | Found a burning altar of Makhleb.
 13579 | D:8      | Reached skill level 5 in Earth Magic
 13774 | D:7      | Reached XP level 10. HP: 35/69 MP: 17/17
 13942 | D:8      | Reached skill level 7 in Fighting
 14456 | D:9      | Reached skill level 5 in Maces & Flails
 14494 | D:10     | Entered Level 10 of the Dungeon
 14690 | D:3      | Bought a scroll of identify for 42 gold pieces
 14910 | D:6      | Became a worshipper of Gozag Ym Sagoz the Greedy
 15091 | D:7      | Paralysed by a hornet for 3 turns
 15485 | D:9      | Paralysed by a hornet for 2 turns
 15490 | D:9      | Paralysed by a hornet for 3 turns
 15491 | D:9      | HP: 1/71 [hornet (16)]
 15492 | D:9      | Succumbed to a hornet's poison

Table legend: (Time is in decaauts)
 A = Elapsed time spent in this place.
 B = Non-inter-level travel time spent in this place.
 C = Inter-level travel time spent in this place.
 D = Time resting spent in this place.
 E = Time spent auto-exploring this place.
 F = Levels seen in this place.
 G = Mean time per level.
                   A        B        C        D        E       F      G
               +--------+--------+--------+--------+--------+-----+--------+
         Total |  15594 |  14527 |   1067 |   5371 |   4863 |  11 | 1417.6 |
       Dungeon |  15352 |  14311 |   1041 |   5371 |   4663 |  10 | 1535.2 |
        Temple |    241 |    215 |     26 |      0 |    200 |   1 |  241.0 |
               +--------+--------+--------+--------+--------+-----+--------+

Top non-repeatable levels by time:
     D:7: 3004 daAuts
     D:4: 2111 daAuts
     D:6: 2092 daAuts
     D:2: 1998 daAuts
     D:3: 1960 daAuts
     D:5: 1735 daAuts
     D:8: 1344 daAuts
     D:1: 749 daAuts
     D:9: 353 daAuts
  Temple: 241 daAuts
    D:10: 1 daAuts

Table legend:
 A = Kills in this place as a percentage of kills in entire the game.
 B = Kills by you in this place as a percentage of kills by you in the entire game.
 C = Kills by friends in this place as a percentage of kills by friends in the entire game.
 D = Other kills in this place as a percentage of other kills in the entire game.
 E = Experience gained in this place as a percentage of experience gained in the entire game.
 F = Experience gained in this place divided by the number of levels of this place that you have seen.
                   A       B       C       D       E      F
               +-------+-------+-------+-------+-------+----------------------
         Total | 100.0 | 100.0 | 100.0 |   N/A | 100.0 | 488.6
       Dungeon | 100.0 | 100.0 | 100.0 |   N/A | 100.0 | 537.5
               +-------+-------+-------+-------+-------+----------------------

Action                   |  1- 3 |  4- 6 |  7- 9 | 10-12 || total
-------------------------+-------+-------+-------+-------++-------
Melee: Dagger            |    93 |   110 |    14 |     1 ||   218
       Tentacles         |     9 |    18 |    65 |     6 ||    98
       Constrict         |    15 |    25 |    53 |     3 ||    96
       Flail             |       |       |   367 |    27 ||   394
Throw: Dart              |       |       |    38 |     5 ||    43
 Cast: Ensorcelled Hiber |     5 |    22 |    10 |     3 ||    40
       Corona            |       |     4 |    10 |       ||    14
       Slow              |       |       |    18 |     2 ||    20
       Tukima's Dance    |       |       |     6 |     3 ||     9
Evoke: Wand              |       |     6 |     5 |       ||    11
  Use: Potion            |     1 |     3 |       |     1 ||     5
       Scroll            |       |     6 |     4 |     3 ||    13
 Stab: Sleeping          |    20 |    23 |     8 |     2 ||    53
       Distracted        |       |     1 |     1 |       ||     2
Armor: Skin              |    24 |     7 |    91 |     5 ||   127
Dodge: Dodged            |    52 |    51 |   242 |    19 ||   364

Vanquished Creatures
  Grinder (D:4)
  A hornet (D:7)
  2 yaks (D:7)
  Menkaure (D:5)
  Duvessa (D:7)
  A sky beast (D:6)
  3 orc warriors
  3 ice beasts
  A necrophage (D:6)
  3 ogres
  3 phantoms
  A kobold brigand (D:8)
  5 bullfrogs
  Dowan (D:7)
  2 scorpions
  A wyvern skeleton (D:5)
  A water moccasin skeleton (D:5)
  A wight (D:9)
  2 howler monkeys
  A bullfrog zombie (D:6)
  A bullfrog skeleton (D:7)
  A centaur zombie (D:9)
  6 orc priests
  A hound (D:4)
  A jelly (D:6)
  4 iron imps
  An iguana (D:7)
  4 orc wizards
  A killer bee zombie (D:5)
  A howler monkey zombie (D:5)
  Robin (D:4)
  6 adders
  3 gnolls (D:4)
  A shadow imp (D:7)
  2 ufetubi
  A worm (D:2)
  3 dart slugs (D:1)
  29 orcs
  6 endoplasms
  8 giant cockroaches
  15 goblins
  6 hobgoblins
  11 kobolds
  5 quokkas
  10 ball pythons
  9 bats
  3 frilled lizards
  A goblin skeleton (D:6)
  2 hobgoblin zombies (D:6)
  2 kobold skeletons (D:6)
  2 kobold zombies (D:6)
  An orc skeleton (D:6)
  2 orc zombies (D:6)
  5 rats
190 creatures vanquished.

Vanquished Creatures (collateral kills)
  An ogre (D:6)
  2 wights (D:9)
  An orc (D:9)
4 creatures vanquished.

Vanquished Creatures (others)
  3 dancing weapons
  A fungus (D:4)
4 creatures vanquished.

Grand Total: 198 creatures vanquished
